 Dungeon Crawl Stone Soup version 0.18-a0-1147-g8e8348b (webtiles) character file.

606 Ijustatesigmund the Distorting Demonspawn (level 7, 0/56 HPs)
             Began as a Demonspawn Abyssal Knight on Jan 22, 2016.
             Was a Believer of Lugonu.
             Succumbed to a killer bee's poison
             ... on level 5 of the Dungeon.
             The game lasted 00:16:27 (4315 turns).

Ijustatesigmund the Distorting Demonspawn (DsAK)    Turns: 4315, Time: 00:16:27

Health: 0/56       AC:  7    Str: 12    XL:     7   Next: 19%
Magic:  6/11       EV: 10    Int: 14    God:    Lugonu [**....]
Gold:   179        SH:  0    Dex: 14    Spells: 0 memorised, 6 levels left

rFire  . . .     SeeInvis .     a - +2 mace
rCold  . . .     Gourm    .     k - +0 ring mail
rNeg   . . .     Faith    .     (no shield)
rPois  .         Spirit   +     (no helmet)
rElec  .         Dismiss  .     (no cloak)
rCorr  +         Reflect  .     i - +0 pair of gloves
SustAt .         Harm     .     (no boots)
MR     .....                    d - amulet of guardian spirit
Stlth  +.........               (no ring)
                                j - ring of resist corrosion

@: lethally poisoned (0 -> -8), not resistant to hostile enchantments, very
unstealthy
A: talons 1, molten scales 1, demonic guardian 1, rot immunity
a: Depart the Abyss, Bend Space, Renounce Religion


You were on level 5 of the Dungeon.
You worshipped Lugonu.
Lugonu was pleased with you.
You were not hungry.

You visited 2 branches of the dungeon, and saw 6 of its levels.
You visited the Abyss 1 time.

You collected 179 gold pieces.

Inventory:

Hand Weapons
 a - a +2 mace (weapon)
Armour
 i - a +0 pair of gloves (worn)
 k - a +0 ring mail (worn)
Jewellery
 d - an amulet of guardian spirit (around neck)
 j - a ring of resist corrosion (left hand)
Scrolls
 b - 3 scrolls of enchant weapon
 q - a scroll of remove curse
Potions
 e - a potion of flight
 h - 2 potions of cancellation
 n - a potion of cure mutation
Comestibles
 c - 2 bread rations
 f - a meat ration
 o - 2 chunks of flesh


   Skills:
 + Level 5.1 Fighting
 * Level 5.2 Maces & Flails
 - Level 1.7 Armour
 - Level 0.8 Dodging
 + Level 5.3 Invocations


You had 6 spell levels left.
You didn't know any spells.

Dungeon Overview and Level Annotations

Branches:
Dungeon (5/15)             Temple (1/1) D:5

Altars:
Dithmenos
Gozag
Makhleb
Ru
Yredelemnul
The Shining One


Innate Abilities, Weirdness & Mutations

You have sharp toenails.
You are partially covered in molten scales (AC +1).
A weak demonic guardian rushes to your aid.
You are immune to rotting.


Message History

Your +0 pair of gloves unmelds from your body.
Your +0 ring mail unmelds from your body.
The killer bee stings you. The phantom hits your crimson imp.
The killer bee completely misses you.
You hit the killer bee.
The killer bee is heavily wounded.
* * * LOW HITPOINT WARNING * * *
You feel sick. The killer bee completely misses you.
The phantom closely misses your crimson imp.
The killer bee stings you but does no damage.
You barely miss the killer bee. Your kick misses the killer bee.
The killer bee is heavily wounded.
The killer bee barely misses you. The killer bee stings you.
* * * LOW HITPOINT WARNING * * *
The killer bee stings you.
You are more poisoned.
The killer bee poisons you!
You miss the killer bee.
The killer bee is moderately wounded.
You die...

### #.. #.. #############
#.. #...........###..
##### #................
......###................
.......y@5..5............
......###.....W.....###..
..... #...........# ###
.... ############# ..( ..
.


You could see a phantom, a killer bee, a friendly crimson imp and a friendly
ufetubus.

Vanquished Creatures
  2 scorpions
  2 killer bees (D:5)
  A crimson imp (D:5)
  A hound (Temple)
  An orc priest (D:4)
  An orc wizard (D:4)
  Terence (D:2)
  An iguana (Temple)
  A hound skeleton (D:4)
  5 adders
  4 gnolls
  2 oozes
  An adder skeleton (D:5)
  A worm (D:3)
  A giant gecko (D:5)
  3 orcs
  2 giant cockroaches
  7 goblins
  12 hobgoblins
  5 kobolds
  2 quokkas
  7 bats
  4 giant newts
  A jackal skeleton (D:4)
  7 rats
75 creatures vanquished.

Vanquished Creatures (collateral kills)
  A crimson imp (D:5)
  2 adders (D:2)
  2 orcs (D:4)
  2 bats (D:2)
  3 hobgoblins (D:2)
  A kobold (D:2)
  A quokka (D:4)
12 creatures vanquished.

Vanquished Creatures (others)
  An ogre (D:5)
1 creature vanquished.

Grand Total: 88 creatures vanquished

Notes
Turn   | Place    | Note
--------------------------------------------------------------
     0 | Abyss:1  | Ijustatesigmund the Demonspawn Abyssal Knight began the quest for the Orb.
     0 | Abyss:1  | Reached XP level 1. HP: 18/18 MP: 2/2
    81 | Abyss:1  | Noticed a large abomination
    82 | D:1      | Escaped the Abyss
   139 | D:1      | Reached * piety under Lugonu
   181 | D:1      | Gained mutation: A weak demonic guardian rushes to your aid. [demonic ancestry]
   181 | D:1      | Reached XP level 2. HP: 22/24 MP: 4/4
   872 | D:2      | Gained mutation: You are partially covered in molten scales (AC +1). [demonic ancestry]
   872 | D:2      | Reached XP level 3. HP: 29/29 MP: 5/5
   886 | D:2      | Noticed Terence
   903 | D:2      | Killed Terence
   903 | D:2      | Reached XP level 4. HP: 11/37 MP: 6/6
  1215 | D:2      | Reached ** piety under Lugonu
  1462 | D:2      | Found a glowing golden altar of the Shining One.
  1470 | D:2      | Found a sacrificial altar of Ru.
  1470 | D:2      | Found a burning altar of Makhleb.
  1471 | D:2      | Found an opulent altar of Gozag.
  1473 | D:2      | Found a basalt altar of Yredelemnul.
  1474 | D:2      | Found a shadowy altar of Dithmenos.
  1476 | D:2      | Upgraded the game from 0.18-a0-1145-g178b0c7 to 0.18-a0-1147-g8e8348b
  2120 | D:3      | Reached XP level 5. HP: 42/42 MP: 7/7
  2304 | D:3      | Reached skill level 4 in Fighting
  2964 | D:4      | Gained mutation: You are immune to rotting. [demonic ancestry]
  2964 | D:4      | Reached XP level 6. HP: 18/49 MP: 5/9
  2989 | D:5      | Entered Level 5 of the Dungeon
  2991 | D:5      | Found a staircase to the Ecumenical Temple.
  2998 | Temple   | Entered the Ecumenical Temple
  3545 | Temple   | Reached *** piety under Lugonu
  4037 | D:5      | Reached skill level 5 in Invocations
  4248 | D:5      | Reached skill level 5 in Maces & Flails
  4248 | D:5      | Gained mutation: You have sharp toenails. [demonic ancestry]
  4248 | D:5      | Reached XP level 7. HP: 55/55 MP: 10/10
  4285 | D:5      | Reached skill level 5 in Fighting
  4310 | D:5      | HP: 4/84 [killer bee (3)]
  4314 | D:5      | HP: 1/56 [killer bee (1)]
  4315 | D:5      | Succumbed to a killer bee's poison

Vault maps used:
D:1:      dpeg_arrival_rhombus
D:2:      minitemple, uniq_terence
D:4:      first_bread, uniq_sigmund
D:5:      lemuel_blue_sif_altar, minmay_temple_entry_purple_smoke
Temple:   temple_island_7

Action                   |  1- 3 |  4- 6 |  7- 9 || total
-------------------------+-------+-------+-------++-------
Melee: Mace              |    86 |   209 |    31 ||   326
Invok: Depart the Abyss  |     1 |       |       ||     1
       Bend Space        |       |     4 |       ||     4
       Banish            |       |     1 |     1 ||     2
  Use: Scroll            |     3 |    10 |       ||    13
       Potion            |     2 |     1 |     2 ||     5
 Stab: Invisible         |       |     1 |       ||     1
  Eat: Fruit             |       |     3 |       ||     3
       Chunk             |       |     3 |       ||     3
       Bread ration      |       |     2 |       ||     2
